cohdb
Replays
Latest Replays
All Replays
Popular Replays
Top Player Replays
Match Explorer
How It Works
Community
CoH3 Stats
Reddit
Sign in to upload your games and track your stats! →
Sign in with Steam
Match 41193019
Unlisted
Match 41193019
Overview
Messages
Build Orders
End
Construct Infanterie Kompanie
Selects Terror Battlegroup
Selects Terror Battlegroup
Grenadier Squad
MG 42 Machine Gun Team
GrW 34 Mortar Team
Construct Panzergrenadier Kompanie
Forward Retreat Point
Support Elements
Medical Bunker
Nebelwerfer 42 Rocket Launcher Team
Construct Panzer Kompanie
Pak 40 Anti-tank Gun Team
Nebelwerfer 42 Rocket Launcher Team
Selects Contempt for the Weak
Selects Heavy Gunnery
Panzer IV Medium Tank
Medical Bunker
Panzer IV Medium Tank
Selects Propaganda Leaflet Drop
Side Skirts
Stoßtruppen Squad
Panzer IV Medium Tank
Selects V1 Rocket Strike
heer kaiser
Mustache and Melons
DeXu
BIGFAN
Scooter
RafZio
Pankracy1918
JanusOhneJ
0
0
Comments
sign in to comment!
No comments posted yet!